 Dungeon Crawl Stone Soup version 0.19-a0-291-ga637243 (webtiles) character file.

260541 mistymad the Unseen (level 19, 0/144 HPs)
             Began as a Vampire Enchanter on May 27, 2016.
             Was the Champion of Dithmenos.
             Hit by a large rock thrown by a stone giant (27 damage)
             ... on level 2 of the Vaults.
             The game lasted 06:14:43 (48780 turns).

mistymad the Unseen (Vampire Enchanter)            Turns: 48780, Time: 06:14:44

Health: 0/144      AC: 19    Str:  7    XL:     19   Next: 17%
Magic:  36/52      EV: 21    Int: 25    God:    Dithmenos [******]
Gold:   2916       SH:  6    Dex: 15    Spells: 11 memorised, 6 levels left

rFire  + . .     SeeInvis +     m - +1 dagger (speed)
rCold  + + .     Gourm    .     M - +2 robe {rC+ rF+}
rNeg   + + .     Faith    .     y - +0 buckler
rPois  +         Spirit   .     A - +1 helmet of the Sun {Regen+ MP+9}
rElec  .         Dismiss  .     u - +4 cloak of Sovereignty {MP+9}
rCorr  .         Reflect  .     F - +0 pair of gloves {archery}
SustAt .         Harm     .     s - +0 pair of boots
MR     +....                    (no amulet)
Stlth  ++++++++++               I - +5 ring of protection
                                c - +6 ring of slaying

@: very slightly contaminated, regenerating slowly, wreathed by umbra, somewhat
resistant to hostile enchantments, uncannily stealthy
A: fangs 3, see invisible, unbreathing
a: Bat Form, Shadow Step, Shadow Form, Renounce Religion
}: 2/15 runes: barnacled, gossamer


You were on level 2 of the Vaults.
You worshipped Dithmenos.
Dithmenos was exalted by your worship.
You were very thirsty.

You visited 7 branches of the dungeon, and saw 36 of its levels.
You also visited: Ossuary and Volcano.

You collected 4193 gold pieces.
You spent 1277 gold pieces at shops.

Inventory:

Hand Weapons
 m - a +1 dagger of speed (weapon)
Missiles
 J - 9 throwing nets (quivered)
Armour
 s - a +0 pair of boots (worn)
 u - the +4 cloak of Sovereignty (worn) {MP+9}
   (You found it on level 5 of the Dungeon)

   It affects your magic capacity (+9).
 y - a +0 buckler (worn)
 A - the +1 helmet of the Sun (worn) {Regen+ MP+9}
   (You found it on level 2 of the Spider Nest)

   It affects your magic capacity (+9).
   It increases your rate of regeneration.
 F - a +0 pair of gloves of archery (worn)
 H - a +2 robe of positive energy
 M - a +2 robe of resistance (worn)
Jewellery
 a - an uncursed ring of wizardry
 c - a +6 ring of slaying (left hand)
 I - a +5 ring of protection (right hand)
 L - an uncursed ring of protection from magic
Wands
 r - a wand of disintegration (4/24)
 W - a wand of paralysis (12/24)
Scrolls
 f - 6 scrolls of enchant armour
 g - 4 scrolls of enchant weapon
 i - 8 scrolls of remove curse
 j - a scroll of fog
 k - a scroll of brand weapon
 o - 7 scrolls of fear
 q - 2 scrolls of magic mapping
 t - 4 scrolls of recharging
 v - 5 scrolls of teleportation
 D - 5 scrolls of blinking
 E - 2 scrolls of identify
 X - 6 scrolls of amnesia
 Z - 2 scrolls of silence
Potions
 d - a potion of blood
 e - 3 potions of might
 h - 4 potions of cure mutation
 l - a potion of haste
 n - a potion of beneficial mutation {unknown}
 x - 6 potions of curing
 z - 2 potions of heal wounds
 B - 6 potions of brilliance
 C - 7 potions of agility
 G - 2 potions of magic
 K - 3 potions of invisibility
 P - 2 potions of resistance {unknown}
 U - a potion of cancellation
Books
 p - a book of Frost

   Spells                             Type                      Level
   a - Freeze                         Ice                          1
   b - Throw Frost                    Conjuration/Ice              2
   c - Ozocubu's Armour               Charms/Ice                   3
   d - Throw Icicle                   Conjuration/Ice              4
   e - Summon Ice Beast               Ice/Summoning                4
Miscellaneous
 b - a phial of floods
 Y - a fan of gales


   Skills:
 + Level 11.4 Fighting
 + Level 13.3 Short Blades
 + Level 6.8 Armour
 + Level 13.5 Dodging
 + Level 18.3 Stealth
 - Level 7.5 Shields
 + Level 11.8 Spellcasting
 - Level 1.2 Conjurations
 - Level 13.4 Hexes
 - Level 11.1 Charms
 + Level 8.2 Summonings
 + Level 12.9 Necromancy
 - Level 2.3 Invocations
 - Level 2.2 Evocations


You had 6 spell levels left.
You knew the following spells:

 Your Spells              Type           Power        Failure   Level  Hunger
a - Corona                Hex            ######.      1%          1    None
b - Ensorcelled Hibernat  Hex/Ice        #####.       1%          2    None
c - Confuse               Hex            ######..     1%          3    None
d - Tukima's Dance        Hex            ######..     1%          3    None
e - Dazzling Spray        Conj/Hex       ######       1%          3    None
f - Regeneration          Chrm/Necr      ######....   1%          3    None
g - Control Undead        Necr           ######....   1%          4    None
h - Animate Dead          Necr           N/A          1%          4    None
i - Haunt                 Necr/Summ      ######....   45%         7    ######.
j - Repel Missiles        Chrm/Air       #####.       1%          2    None
k - Ozocubu's Armour      Chrm/Ice       #####...     1%          3    None


Dungeon Overview and Level Annotations

Branches:
Dungeon (15/15)            Temple (1/1) D:6            Lair (8/8) D:8
 Shoals (4/4) Lair:4       Spider (4/4) Lair:4        Slime (0/6) Lair:6
    Orc (2/2) D:9             Elf (0/3) Orc:2        Vaults (2/5) D:13
 Depths (0/5) D:15
  Crypt: Vaults:2-3

Altars:
Ashenzari
Cheibriados
Dithmenos
Elyvilon
Fedhas
Gozag
Hepliaklqana
Kikubaaqudgha
Makhleb
Nemelex Xobeh
Okawaru
Pakellas
Qazlal
Ru
Sif Muna
Trog
Ukayaw
Vehumet
Xom
Yredelemnul
Zin
The Shining One
Beogh
Jiyva

Shops:
D:4 *   D:5 [   D:9 :   D:10 *   D:11 [   D:15 (   Orc:1 ?   Orc:2 !=*!
Shoals:2 =

Portals:
Hell: Lair:8

Annotations:
D:5 Crazy Yiuf
Lair:5 exclusion: oklob plant
Shoals:2 exclusion: Roxanne, Roxanne
Shoals:4 Ilsuiw
Vaults:2 Kenran's ghost, adept MfGl; Nikola


Innate Abilities, Weirdness & Mutations

You heal slowly.
You have razor-sharp teeth.
You have supernaturally acute eyesight. (SInv)
You can survive without breathing.


Message History

You kill the sheep!
Dithmenos accepts your kill.
The stone giant throws a large rock.
The large rock hits you!!!
* * * LOW HITPOINT WARNING * * *
You take 40 damage, and have 27/144 hp.
MASSIVE DAMAGE!!
You now have 39/52 mp.
Casting: Dazzling Spray
Confirm with . or Enter, or press ? or * to list all spells.
You don't know that spell.
There isn't anything to bottle or butcher here.
Casting: Dazzling Spray
Confirm with . or Enter, or press ? or * to list all spells.
Aiming: Confuse
Press: ? - help, Shift-Dir - straight line, f/p - stone giant
Aim: a stone giant (umbra, chance to defeat MR: 30%)
The stone giant easily resists.
Your shadow mimicks your spell!
The stone giant resists with almost no effort.
The cyclops throws a large rock.
The large rock barely misses you.
The stone giant throws a large rock.
The large rock hits you!!
You die...

.......
.......#
.......
......#
.......
.....#
.......
....#
.......
...#
......#
#..#
......#
#CC#
......#
#††#
......#
#@.#
......#
#..#
......#
#..#
......#
#..#
......#
#..#
......#
#(.# #..#
#..#
########..#


You could see a stone giant and a cyclops.

Vanquished Creatures
  Arachne (Spider:3)
  Jorgrun (Spider:2)
  Polyphemus (Shoals:2)
  Kirke (Lair:5)
  Donald (D:13)
  2 fire giants (Vaults:1)
  6 emperor scorpions (Spider:4)
  A frost giant (D:15)
  3 ghost moths
  3 vault wardens
  3 orc warlords (Orc:2)
  Louise (Shoals:2)
  Aizul (Shoals:3)
  3 ironheart preservers (Vaults:1)
  2 very ugly things (Vaults:1)
  A salamander stormcaller (D:11)
  24 slime creatures
  A spark wasp (Spider:4)
  A dire elephant (Lair:8)
  Snorg (Lair:3)
  5 merfolk javelineers
  5 merfolk impalers (Shoals:3)
  Erolcha (D:8)
  A great orb of eyes (Vaults:1)
  5 entropy weavers
  4 yaktaur captains
  Harold (Lair:2)
  A hell beast (Lair:8)
  14 hydras
  A merfolk avatar (Shoals:3)
  5 merfolk aquamancers
  7 centaur warriors
  3 death knights
  3 catoblepae
  Erica (D:8)
  5 ogre magi
  4 orc high priests (Orc:2)
  A deep troll shaman (Vaults:1)
  Nergalle (D:10)
  A shadow wraith (Vaults:2)
  2 skeletal warriors
  8 sea snakes
  2 deep trolls (Vaults:1)
  3 unseen horrors
  A giant orange brain (Vaults:1)
  An ironbrand convoker (Vaults:1)
  A deep elf archer (Vaults:1)
  11 orc knights
  11 hill giants
  5 wizards
  A wolf spider zombie (D:15)
  15 harpies
  6 orc sorcerers
  2 deep elf magi
  18 ugly things
  3 hornets
  8 cyclopes
  8 fauns
  28 wolf spiders
  A moth of wrath (Spider:4)
  21 elephants
  21 orb spiders
  9 griffons
  8 manticores
  5 black mambas
  4 vault sentinels
  6 sirens
  5 gargoyles
  A water nymph (Shoals:3)
  18 spiny frogs
  4 orange demons (Lair:8)
  5 kobold demonologists
  2 efreet
  A rime drake (Lair:8)
  10 yaktaurs
  7 demonic crawlers
  7 komodo dragons
  An ice devil (Lair:7)
  A hellwing (Lair:8)
  6 freezing wraiths
  4 harpy zombies (Shoals:2)
  21 merfolk
  2 red devils (Lair:8)
  7 trolls
  2 wind drakes
  4 polar bears
  11 two-headed ogres
  Grinder (D:5)
  28 jumping spiders
  A blink frog (shapeshifter) (D:12)
  14 blink frogs
  9 snapping turtles
  7 boulder beetles
  2 centaur simulacra
  3 spriggans
  2 shadows
  3 water elementals
  33 tarantellas
  46 redbacks
  4 wraiths
  3 hogs (Lair:5)
  A fire elemental (Volcano)
  30 yaks
  3 fire bats (Lair:3)
  18 humans
  3 wyverns
  4 basilisks
  A hungry ghost (D:15)
  8 vampire mosquitoes
  2 yaktaur simulacra (Vaults:1)
  A mottled dragon (shapeshifter) (Vaults:1)
  16 hippogriffs
  6 wargs
  3 mottled dragons
  A soldier ant (D:11)
  15 water moccasins
  A hell hound (Lair:8)
  17 porcupines
  A black bear (D:8)
  6 ice beasts
  4 sky beasts
  4 wasps
  56 orc warriors
  25 ogres
  5 necrophages (D:12)
  6 phantoms
  15 wolves
  15 centaurs
  2 big kobolds
  31 crocodiles
  25 giant frogs
  A wyvern zombie (D:9)
  An earth elemental (Volcano)
  A water moccasin zombie (D:11)
  A wyvern skeleton (D:9)
  3 scorpions
  A hippogriff zombie (Shoals:2)
  21 wights
  2 electric eels
  2 howler monkeys
  10 crimson imps
  A giant frog zombie (D:7)
  4 centaur zombies
  5 jellies
  30 orc priests
  3 centaur skeletons
  3 giant frog skeletons
  6 hounds
  14 iguanas
  6 worker ants
  25 orc wizards
  15 hell rats
  47 sheep
  2 hound zombies
  9 mummies
  2 worker ant zombies
  21 adders
  8 gnolls
  72 river rats
  2 shadow imps
  5 oozes
  2 adder skeletons
  A worm (D:2)
  3 giant geckos
  125 orcs
  14 bats
  9 giant cockroaches
  12 goblins
  13 hobgoblins
  5 quokkas
  A ball python zombie (D:5)
  4 giant newts
  A gnoll zombie (Ossuary)
  4 hobgoblin zombies (Ossuary)
  A jackal skeleton (D:4)
  18 kobolds
  2 kobold zombies (Ossuary)
  An orc zombie (Ossuary)
  A quokka zombie (D:5)
  30 rats
  2 fire vortices (Volcano)
  9 fungi
  12 plants
1529 creatures vanquished.

Vanquished Creatures (collateral kills)
  The ghost of kroki the Severer, an adept MiGl of Hepliaklqana (Spider:1)
  A merfolk javelineer (Shoals:3)
  A centaur warrior (Vaults:1)
  2 merfolk aquamancers (Shoals:4)
  2 sea snakes (Shoals:4)
  A hill giant (Vaults:1)
  An ironbrand convoker (Vaults:1)
  2 harpies
  A griffon (Lair:7)
  A wolf spider (Spider:1)
  3 oklob plants
  A manticore (Shoals:4)
  2 elephants (Lair:7)
  A siren (Shoals:4)
  An orange demon (Lair:8)
  A rime drake (Lair:7)
  2 yaktaurs (Vaults:1)
  A demonic crawler (Spider:1)
  A jumping spider (Spider:1)
  A freezing wraith (Vaults:1)
  A troll (D:11)
  8 merfolk
  A two-headed ogre (D:15)
  A snapping turtle (Shoals:4)
  2 redbacks
  A tarantella (Spider:1)
  A water elemental (Shoals:4)
  4 yaks
  A basilisk (Lair:7)
  A vampire mosquito (Vaults:2)
  A warg (Vaults:1)
  A black bear (Lair:7)
  An eye of draining (shapeshifter) (Vaults:1)
  4 ogres
  A wolf (Lair:7)
  A wyvern zombie (D:11)
  3 river rats
  3 orcs
  5 rats (Lair:7)
  7 fungi
  10 plants
85 creatures vanquished.

Vanquished Creatures (others)
  A tengu warrior (D:15)
  A yaktaur (Vaults:1)
  A tengu conjurer (D:15)
  2 dancing weapons (Orc:2)
  A human (Lair:6)
  A black bear (D:9)
  A scorpion (D:4)
  A hound (D:4)
  2 orc priests
  An iguana (D:4)
  A sheep (Shoals:4)
  An adder (D:4)
  A giant gecko (D:4)
  42 fungi
  26 plants
  7 tentacles (Shoals:4)
  416 tentacle segments (Shoals:4)
  A withered plant (D:12)
507 creatures vanquished.

Grand Total: 2121 creatures vanquished

Notes
Turn   | Place    | Note
--------------------------------------------------------------
     0 | D:1      | mistymad the Vampire Enchanter began the quest for the Orb.
     0 | D:1      | Reached XP level 1. HP: 13/13 MP: 3/3
   292 | D:1      | Reached XP level 2. HP: 16/20 MP: 3/5
   439 | D:1      | Learned a level 2 spell: Ensorcelled Hibernation
   671 | D:1      | Reached skill level 1 in Fighting
   713 | D:1      | Reached XP level 3. HP: 21/26 MP: 3/6
  1012 | D:2      | Found a shattered altar of Ashenzari.
  1097 | D:2      | Learned a level 3 spell: Confuse
  1192 | D:2      | Found an ancient bone altar of Kikubaaqudgha.
  1782 | D:2      | Reached XP level 4. HP: 24/33 MP: 0/7
  2140 | D:2      | Reached skill level 5 in Hexes
  2477 | D:2      | Reached XP level 5. HP: 38/38 MP: 4/8
  2773 | D:3      | Reached skill level 5 in Stealth
  3019 | D:3      | Found a basalt altar of Yredelemnul.
  3200 | D:3      | Found a basalt altar of Yredelemnul.
  3200 | D:3      | Found a shadowy altar of Dithmenos.
  3206 | D:3      | Became a worshipper of Dithmenos the Shadowed
  3613 | D:4      | Found Suvoebl Ogeo's Assorted Antiques.
  3856 | D:4      | Found a shimmering altar of Xom.
  3994 | D:4      | Reached XP level 6. HP: 46/46 MP: 10/10
  4284 | D:5      | Entered Level 5 of the Dungeon
  4317 | D:5      | Reached skill level 6 in Stealth
  4330 | D:5      | Noticed Grinder
  4347 | D:5      | Found Nar Mys's Antique Armour Shop.
  4355 | D:5      | Bought a shadowed robe for 119 gold pieces
  4366 | D:5      | Identified the cursed -5 robe of Misfortune {-Cast *Contam *Tele EV-4 Str-2 Int-2 Dex-2 Stlth-- *Curse} (You bought it in a shop on level 5 of the Dungeon)
  4385 | D:5      | Gained mutation: Your magical capacity is low. (-10% MP) [mutagenic glow]
  4394 | D:5      | Found an oddly glowing altar of Pakellas.
  4504 | D:5      | Learned a level 3 spell: Tukima's Dance
  4541 | D:5      | Reached XP level 7. HP: 52/52 MP: 1/10
  4638 | D:5      | Got a bloodstained cloak
  4644 | D:5      | Identified the +4 cloak of Sovereignty {MP+9} (You found it on level 5 of the Dungeon)
  4949 | D:5      | Reached skill level 7 in Stealth
  4980 | D:5      | Noticed a hill giant
  4987 | D:5      | Killed a hill giant
  4987 | D:5      | Reached skill level 5 in Dodging
  4987 | D:5      | Reached XP level 8. HP: 53/60 MP: 12/12
  5079 | D:5      | Killed Grinder
  5079 | D:5      | Reached skill level 8 in Stealth
  5088 | D:5      | Reached skill level 5 in Short Blades
  5113 | D:5      | Reached * piety under Dithmenos
  5307 | D:5      | Noticed Crazy Yiuf
  5884 | D:6      | Found a sand-covered staircase.
  5945 | Ossuary  | Entered an ossuary
  6099 | Ossuary  | Learned a level 3 spell: Dazzling Spray
  6243 | Ossuary  | Learned a level 3 spell: Regeneration
  6689 | D:6      | Found a staircase to the Ecumenical Temple.
  6696 | Temple   | Entered the Ecumenical Temple
  6889 | D:6      | Reached skill level 1 in Necromancy
  6889 | D:6      | Reached XP level 9. HP: 53/66 MP: 4/14
  7204 | D:6      | Found a glowing silver altar of Zin.
  7759 | D:7      | Found an iron altar of Okawaru.
  7890 | D:7      | Reached skill level 5 in Spellcasting
  7997 | D:7      | Reached skill level 9 in Stealth
  8124 | D:8      | Reached ** piety under Dithmenos
  8270 | D:8      | Reached skill level 5 in Fighting
  8293 | D:8      | Found a staircase to the Lair.
  8350 | D:8      | Noticed Erolcha
  8374 | D:8      | Killed Erolcha
  8491 | D:8      | Found an opulent altar of Gozag.
  8571 | D:8      | Reached XP level 10. HP: 71/74 MP: 16/16
  9016 | D:8      | Noticed Erica
  9054 | D:8      | Killed Erica
  9059 | D:8      | Reached skill level 10 in Stealth
  9519 | D:9      | Found Antess's Book Shoppe.
  9555 | D:9      | Found Datwaph's Jewellery Emporium.
  9563 | D:9      | Found a staircase to the Orcish Mines.
  9566 | D:9      | Reached *** piety under Dithmenos
  9952 | D:9      | Found a deep blue altar of Sif Muna.
 10104 | Lair:1   | Entered Level 1 of the Lair of Beasts
 10122 | Lair:1   | Learned a level 4 spell: Control Undead
 10427 | Lair:1   | Reached skill level 5 in Necromancy
 10448 | Lair:1   | Reached skill level 10 in Hexes
 10659 | Lair:1   | Noticed a spiny frog
 10682 | Lair:1   | Killed a spiny frog
 10682 | Lair:1   | Reached XP level 11. HP: 81/81 MP: 15/18
 10951 | Lair:1   | Reached skill level 1 in Charms
 11102 | Lair:1   | Reached skill level 11 in Stealth
 11174 | Lair:2   | Reached **** piety under Dithmenos
 11377 | Lair:2   | Noticed Harold
 11436 | Lair:2   | Killed Harold
 11777 | Lair:2   | Noticed a six-headed hydra
 11785 | Lair:2   | Killed a six-headed hydra
 12384 | Lair:3   | Noticed a four-headed hydra
 12389 | Lair:3   | Noticed Snorg
 12391 | Lair:3   | Killed a four-headed hydra
 12410 | Lair:3   | Killed Snorg
 12410 | Lair:3   | Reached skill level 12 in Stealth
 12517 | Lair:3   | Reached XP level 12. HP: 91/91 MP: 12/20
 12612 | Lair:3   | Got a crystal blowgun
 12883 | Lair:3   | Found a dark tunnel.
 12902 | Volcano  | Entered a volcano
 13858 | Lair:4   | Found a hole to the Spider Nest.
 14156 | Lair:4   | Reached ***** piety under Dithmenos
 14645 | Lair:4   | Reached skill level 5 in Charms
 14727 | Lair:4   | Noticed an eight-headed hydra
 14734 | Lair:4   | Killed an eight-headed hydra
 14901 | Lair:4   | Found a staircase to the Shoals.
 15197 | Lair:5   | Noticed a five-headed hydra
 15210 | Lair:5   | Killed a five-headed hydra
 16173 | Lair:6   | Found a runed door.
 16174 | Lair:6   | Found a viscous altar of Jiyva.
 16217 | Lair:6   | Found a bloodstained altar of Trog.
 16256 | Lair:6   | Noticed Kirke
 16780 | Lair:6   | Reached skill level 13 in Stealth
 17074 | Lair:6   | Reached XP level 13. HP: 98/98 MP: 17/22
 17406 | Lair:5   | Killed Kirke
 17406 | Lair:5   | Reached skill level 10 in Dodging
 17504 | Lair:6   | Found a staircase to the Slime Pits.
 17661 | Lair:6   | Learned a level 4 spell: Animate Dead
 18730 | Lair:7   | Got a shimmering rapier
 18896 | Lair:7   | Reached skill level 10 in Short Blades
 18929 | Lair:7   | Reached ****** piety under Dithmenos
 19799 | Lair:7   | Reached skill level 14 in Stealth
 19871 | Lair:8   | Entered Level 8 of the Lair of Beasts
 19909 | Lair:8   | Got a translucent lajatang
 19911 | Lair:8   | Identified the +8 lajatang "Domublyh" {distort, rC+} (You found it on level 8 of the Lair of Beasts)
 20348 | Lair:7   | Reached XP level 14. HP: 106/106 MP: 11/24
 20966 | Lair:8   | Found a glowing golden altar of the Shining One.
 21597 | Lair:8   | Reached skill level 1 in Armour
 21896 | Lair:8   | Found a burning altar of Makhleb.
 22105 | Lair:8   | Reached skill level 10 in Necromancy
 22610 | Lair:8   | Found a gateway to Hell.
 23633 | Lair:1   | Learned a level 7 spell: Haunt
 23693 | D:10     | Entered Level 10 of the Dungeon
 23877 | D:10     | Noticed Nergalle
 24011 | D:10     | Found Ruwkuin's General Store.
 24028 | D:10     | Killed Nergalle
 24035 | D:10     | Bought a potion of cure mutation for 350 gold pieces
 24107 | D:10     | Reached skill level 1 in Summonings
 25085 | D:11     | Lost mutation: Your magical capacity is low. (-10% MP) [potion of cure mutation]
 25181 | D:11     | Reached skill level 15 in Stealth
 25688 | D:11     | Found Donkoleg's Antique Armour Boutique.
 25696 | D:11     | Bought a pair of glowing gloves for 135 gold pieces
 26289 | D:12     | Reached XP level 15. HP: 46/114 MP: 22/28
 26525 | D:12     | Reached skill level 10 in Spellcasting
 26834 | D:13     | Found a gate to the Vaults.
 26834 | D:13     | Noticed Donald
 27445 | D:13     | Killed Donald
 28354 | D:14     | You fall through a shaft!
 28354 | D:15     | Entered Level 15 of the Dungeon
 29373 | D:15     | Found a staircase to the Depths.
 29373 | D:15     | Noticed a frost giant
 29376 | D:15     | Killed a frost giant
 29848 | D:15     | Found Paerph's Antique Weapon Boutique.
 30603 | Orc:1    | Entered Level 1 of the Orcish Mines
 30704 | Orc:2    | Entered Level 2 of the Orcish Mines
 31007 | Orc:2    | Reached skill level 10 in Fighting
 31009 | Orc:2    | Reached XP level 16. HP: 122/122 MP: 27/30
 31185 | Orc:2    | Found a roughly hewn altar of Beogh.
 31308 | Orc:2    | Found Sirolitwu's Distillery.
 31318 | Orc:2    | Bought a potion of cancellation for 136 gold pieces
 31318 | Orc:2    | Bought a potion of heal wounds for 85 gold pieces
 31318 | Orc:2    | Bought a potion of curing for 51 gold pieces
 31318 | Orc:2    | Bought a potion of lignification for 51 gold pieces
 31325 | Orc:2    | Found Noun's Jewellery Shoppe.
 31475 | Orc:2    | Reached skill level 16 in Stealth
 31604 | Orc:2    | Learned a level 2 spell: Repel Missiles
 31723 | Orc:2    | Found Byareg's Assorted Antiques.
 31866 | Orc:2    | Found a staircase to the Elven Halls.
 32002 | Orc:2    | Reached skill level 5 in Summonings
 32027 | Orc:2    | Bought a scroll of identify for 62 gold pieces
 32181 | Orc:2    | Found a roughly hewn altar of Beogh.
 32482 | Orc:2    | Found Ukoik's Distillery.
 32545 | Orc:2    | Bought a potion of magic for 88 gold pieces
 32545 | Orc:2    | Bought a potion of ambrosia for 88 gold pieces
 33017 | Orc:1    | Found Begar's Magic Scroll Shoppe.
 33025 | Orc:1    | Bought a scroll of amnesia for 52 gold pieces
 33025 | Orc:1    | Bought a scroll of identify for 30 gold pieces
 33025 | Orc:1    | Bought a scroll of identify for 30 gold pieces
 34181 | Orc:1    | Reached skill level 10 in Charms
 34368 | Spider:1 | Entered Level 1 of the Spider Nest
 34467 | Spider:1 | Noticed kroki's ghost (adept MiGl)
 34485 | Spider:1 | Killed kroki's ghost
 35584 | Spider:2 | Got a polished helmet
 35595 | Spider:2 | Identified the +1 helmet of the Sun {Regen+ MP+9} (You found it on level 2 of the Spider Nest)
 35623 | Spider:2 | Noticed Jorgrun
 35627 | Spider:2 | Killed Jorgrun
 36249 | Spider:3 | Noticed Arachne
 36496 | Spider:3 | Killed Arachne
 36612 | Spider:3 | Reached skill level 5 in Armour
 36689 | Spider:3 | Found a roughly hewn altar of Beogh.
 36721 | Spider:3 | Reached XP level 17. HP: 129/129 MP: 32/32
 37031 | Spider:4 | Entered Level 4 of the Spider Nest
 37077 | Spider:4 | Reached skill level 17 in Stealth
 37777 | Spider:3 | HP: 6/129 [poisoned by a redback]
 37782 | Spider:3 | HP: 4/129 [poisoned by a redback]
 38235 | Shoals:1 | Entered Level 1 of the Shoals
 39308 | Lair:8   | Got a translucent rapier
 39311 | Lair:8   | Identified the +0 rapier of Winter {venom, *Confuse +Rage +Fly Str+6} (You found it on level 8 of the Lair of Beasts)
 40774 | Spider:4 | Got a gossamer rune of Zot
 41344 | Shoals:2 | Noticed Louise
 41349 | Shoals:2 | Killed Louise
 41669 | Shoals:2 | Reached skill level 1 in Shields
 41732 | Shoals:2 | Found an iron altar of Okawaru.
 41762 | Shoals:2 | Noticed Roxanne
 41809 | Shoals:2 | Found a hide-covered altar to Ukayaw.
 41864 | Shoals:2 | Noticed Polyphemus
 42556 | Shoals:2 | Killed Polyphemus
 42556 | Shoals:2 | Reached XP level 18. HP: 108/138 MP: 18/33
 42596 | Shoals:2 | Found Egietuw's Jewellery Boutique.
 42991 | Shoals:4 | Entered Level 4 of the Shoals
 43078 | Shoals:4 | Reached skill level 5 in Shields
 43356 | Shoals:4 | Noticed Aizul
 43378 | Shoals:3 | Killed Aizul
 43574 | Shoals:4 | Noticed Ilsuiw
 43820 | Shoals:4 | Got a barnacled rune of Zot
 44514 | Shoals:4 | Reached skill level 1 in Invocations
 44514 | Shoals:4 | Reached skill level 1 in Evocations
 44747 | Shoals:4 | Reached skill level 1 in Conjurations
 45709 | Vaults:1 | Entered Level 1 of the Vaults
 46091 | Vaults:1 | Learned a level 3 spell: Ozocubu's Armour
 46213 | Vaults:1 | Reached skill level 18 in Stealth
 47466 | Vaults:1 | Reached XP level 19. HP: 119/144 MP: 32/34
 48133 | Vaults:2 | Noticed Kenran's ghost (adept MfGl)
 48664 | Vaults:2 | Noticed Nikola
 48780 | Vaults:2 | Hit by a large rock thrown by a stone giant

Vault maps used:
D:1:      mrwooster_arrival_arrow, nrook_uturn
D:2:      lemuel_doored_altar, kiku_gazebo_pond_becter
D:3:      gammafunk_temple_overflow_statue, first_bread,
          yredelemnul_altar_generic
D:4:      serial_shops, shop, xom_confusion_cloud
D:5:      kennysheep_little_box, serial_shops, shop_statue,
          uniq_crazy_yiuf_cottage, uniq_grinder
D:6:      nicolae_overflow_hidden_temple, minmay_temple_entry_crystal_x,
          nicolae_ossuary_entry_ruins
D:7:      the_bakery, okawaru_humans
D:8:      grunt_gozag_statues, grunt_lair_entry_orc_guard_hut, st_stairs_3,
          uniq_erolcha, uniq_erica
D:9:      old_standard_altar, serial_shops, nicolae_shop_trees, shop,
          lemuel_flamethrower_2
D:10:     serial_shops, shop, item_on_display_a, uniq_nergalle
D:11:     hangedman_cross_veins, serial_shops, nicolae_shop_trees
D:12:     serial_undead, serial_undead_c, serial_undead_f, serial_undead_f,
          serial_undead_b, serial_undead_f, minmay_misc_feat_roman,
          hangedman_decor_clover_reticule, spider_trap
D:13:     david_vaults_3
D:15:     grunt_enter_depths_snipers, serial_shops, shop, ldierk_geyser,
          minivault_24, lemuel_nasty_fountain
Temple:   water_room_temple_a_12
Lair:1:   minmay_stone_trees_medium, beast_lair_carwin_11,
          infiniplex_staircase_pool_2
Lair:2:   serial_bayou_shore_a, grunt_megastairs_5, uniq_harold
Lair:3:   nicolae_volcano_entry_batcave, eino_small_chamber_without_monster,
          uniq_snorg
Lair:4:   elwin_shoals_entry_rooms, spider_nest_entry_funnel_web, wad_woods_03,
          bh_autumn_forest_stairs
Lair:5:   minmay_lair_oklob_bushes
Lair:6:   minmay_lair_venomous_thicket, slime_altar_2, basic_altar, uniq_kirke
Lair:7:   lemuel_ratsnest, portal_ice_cave_entry_pillars_2,
          grunt_forest_stairs_clearing, grunt_megastairs_3
Lair:8:   evil_forest, lemuel_oklob_altar
Shoals:1: abandoned_shop
Shoals:2: serial_shops, shop, hangedman_feature_mirror,
          nicolae_shoals_undead_eyrie, uniq_louise, uniq_polyphemus,
          uniq_roxanne
Shoals:4: shoals_end_simple, shoal_ilsuiw, nicolae_shoals_this_corrosion,
          uniq_aizul
Spider:2: nicolae_spider_circle_web, uniq_jorgrun
Spider:3: nicolae_spider_mines_2, uniq_arachne
Spider:4: grunt_spider_rune_circles, nicolae_spider_cling_ruins
Orc:1:    serial_shops, nicolae_shop_stone
Orc:2:    pubby_orc_utopia, serial_shops
Vaults:1: v_misc_10, v_misc_5, nicolae_vaults_stairing_the_circle,
          ontoclasm_vaults_misaligned, hangedman_vaults_slice,
          nicolae_vaults_three_branches, grunt_vaults_twisty,
          ontoclasm_vaults_ring_small, nicolae_vaults_angled_halls,
          st_octagons_2, vaults_room_hallway, ontoclasm_vaults_loading_screen
Vaults:2: vaults_mumra_minichess, vaults_mumra_minichess_inversion,
          vaults_room_pools, grunt_vaults_bifocal, grunt_vaults_diagonal,
          hangedman_vaults_snaps, nicolae_vaults_specimen_jars,
          vaults_mumra_chevron, minmay_crypt_entry_necro_gods, vaults_mumra_lcd,
          nicolae_vaults_mini_display_case, uniq_nikola
Ossuary:  ossuary_tomb_3
Volcano:  volcano_pools

Skill      XL: |  1  2  3  4  5  6  7  8  9 10 11 12 13 14 15 16 17 18 19 |
---------------+----------------------------------------------------------+-----
Fighting       | 1 2 3 4 5 6 7 8 9 10 11 | 11.4
Hexes          | 5 7 8 10 11 12 13 | 13.4
Short Blades   | 2 3 4 5 6 7 8 9 10 11 12 13 | 13.3
Dodging        | 3 5 6 7 8 9 11 12 13 | 13.5
Stealth        | 5 6 7 8 9 10 12 13 14 15 16 17 18 | 18.3
Spellcasting   | 3 4 5 6 7 8 9 10 11 | 11.8
Necromancy     | 1 3 5 6 8 9 10 11 12 | 12.9
Charms         | 3 6 7 8 9 10 11 | 11.1
Armour         | 2 3 5 6 |  6.8
Summonings     | 2 4 6 7 8 |  8.2
Shields        | 3 7 |  7.5
Invocations    | 2 |  2.3
Evocations     | 2 |  2.2
Conjurations   | 1 |  1.2

Action                   |  1- 3 |  4- 6 |  7- 9 | 10-12 | 13-15 | 16-18 | 19-21 || total
-------------------------+-------+-------+-------+-------+-------+-------+-------++-------
Melee: Dagger            |   100 |   131 |   381 |   910 |  1842 |  1344 |    93 ||  4801
       Bite              |     6 |     9 |    38 |    78 |   183 |   122 |     7 ||   443
       Unarmed           |       |       |       |       |     2 |     1 |       ||     3
 Cast: Corona            |     8 |       |     3 |       |     2 |     7 |       ||    20
       Ensorcelled Hiber |    19 |    46 |    31 |   109 |   123 |   250 |     7 ||   585
       Confuse           |     1 |     6 |    52 |    71 |   257 |   238 |    36 ||   661
       Dazzling Spray    |       |       |    15 |    67 |    83 |   246 |    10 ||   421
       Regeneration      |       |       |     3 |     7 |    29 |    67 |     9 ||   115
       Animate Dead      |       |       |       |       |    45 |    40 |     7 ||    92
       Control Undead    |       |       |       |       |     4 |     5 |       ||     9
       Tukima's Dance    |       |       |       |       |    18 |    11 |       ||    29
       Repel Missiles    |       |       |       |       |       |    10 |       ||    10
       Ozocubu's Armour  |       |       |       |       |       |     4 |     1 ||     5
 Abil: End Transformatio |     2 |     1 |     6 |       |     3 |     8 |       ||    20
       Bat Form          |     2 |     1 |     6 |       |     3 |     8 |       ||    20
Evoke: Wand              |       |       |       |       |     2 |       |       ||     2
       Fan of gales      |       |       |       |       |     1 |     2 |       ||     3
       Phial of floods   |       |       |       |       |       |     2 |       ||     2
  Use: Potion            |     2 |     2 |     6 |     4 |    12 |    27 |     3 ||    56
       Scroll            |       |     2 |     1 |     6 |     6 |    18 |     1 ||    34
 Stab: Sleeping          |    15 |    46 |    27 |   129 |   191 |   263 |    11 ||   682
       Confused          |     1 |     1 |    31 |    48 |   151 |   136 |    16 ||   384
       Distracted        |       |     1 |     1 |     3 |    10 |    13 |       ||    28
       Invisible         |       |       |     5 |    11 |    32 |    36 |     4 ||    88
  Eat: Corpse            |       |       |       |     1 |       |       |       ||     1
Armor: Robe              |    34 |    17 |    32 |    49 |   146 |   228 |     3 ||   509
Dodge: Dodged            |    78 |    47 |   145 |   327 |   797 |   968 |    36 ||  2398
       Deflected         |       |       |       |       |       |    45 |       ||    45
Block: Buckler           |       |       |       |       |       |   102 |     5 ||   107
